 Dungeon Crawl Stone Soup version 0.29-a0-284-gf9362112df (console) character file.

Game seed: 13601013536946338589

59 calla the Ruffian (level 3, -1/29 HPs)
             Began as a Mummy Wanderer on Mar 22, 2022.
             Slain by an orc
             ... wielding a +0 falchion
              (4 damage)
             ... on level 3 of the Dungeon.
             The game lasted 00:02:37 (1898 turns).

calla the Ruffian (Mummy Wanderer)                  Turns: 1898, Time: 00:02:37

Health: -1/29      AC:  2    Str: 14    XL:     3   Next: 78%
Magic:  3/3        EV: 11    Int: 12    God:
Gold:   104        SH:  5    Dex: 13    Spells: 2/2 levels left

rFire   x . .      SeeInvis .   a - +3 dagger
rCold   + . .      Faith    .   (no shield)
rNeg    + + +      Spirit   .   e - +0 robe
rPois   ∞          Reflect  +   (no helmet)
rElec   .          Harm     .   (no cloak)
rCorr   .          Rampage  .   (no gloves)
Will    .....                   (no boots)
Stlth   +.........              h - amulet of reflection
HPRegen 0.09/turn               (no ring)
MPRegen 0.08/turn               (no ring)

@: no status effects
A: cold resistance 1, negative energy resistance 3, torment resistance 2, heat
vulnerability 1, in touch with death 1, no potions
a: no special abilities


You were on level 3 of the Dungeon.
You visited 1 branch of the dungeon, and saw 3 of its levels.

You collected 104 gold pieces.

Inventory:

Hand Weapons
 a - a +3 dagger (weapon)
Missiles
 b - 3 curare-tipped darts (quivered)
Armour
 e - a +0 robe (worn)
Jewellery
 h - an amulet of reflection (around neck)
 i - a ring of magical power
Scrolls
 c - 3 scrolls of teleportation
 d - a scroll of silence
 f - 2 scrolls of amnesia
 g - 4 scrolls of identify
 j - a scroll of enchant weapon


   Skills:
 + Level 3.1 Fighting
 - Level 3.0 Throwing
 - Level 1.0 Armour
 - Level 3.2 Unarmed Combat
 - Level 1.0 Evocations


You had 2 spell levels left.
You didn't know any spells.
Your spell library was empty.

Dungeon Overview and Level Annotations

Branches:
Dungeon (3/15)

Altars:
Dithmenos
Nemelex Xobeh
Sif Muna
Trog
Uskayaw


Innate Abilities, Weirdness & Mutations

You are immune to poison.
Your flesh is cold resistant. (rC+)
You are immune to negative energy. (rN+++)
You are immune to unholy pain and torment.
You are vulnerable to heat. (rF-)
You are in touch with the powers of death.
You do not drink.


Message History

Things that are here:
a +0 club; an orc corpse
Things that are here:
a +0 club; an orc corpse The rat closely misses you.
You hit the rat.
You kill the rat!
No target in view!
You see here a rat corpse.
You start resting.
A kobold comes into view. It is wielding a +0 whip.
A kobold is nearby!
A kobold is nearby!
The kobold shouts!
The kobold throws a stone.
The stone barely misses you. The kobold closely misses you.
You closely miss the kobold. The kobold hits you with a +0 whip.
You hit the kobold but do no damage.
An orc comes into view. It is wielding a +0 falchion.
The kobold hits you with a +0 whip.
The orc shouts!
You puncture the kobold!
You kill the kobold!
You see here a rat corpse.
A ball python comes into view.
The ball python hisses angrily.
You hit the ball python.
You kill the ball python!
There is a stone staircase leading down here.
You barely miss the orc. The orc closely misses you.
You hit the orc but do no damage. The orc hits you with a +0 falchion!
* * * LOW HITPOINT WARNING * * *
You hit the orc but do no damage. The orc barely misses you.
You closely miss the orc. The orc hits you with a +0 falchion.
* * * LOW HITPOINT WARNING * * *
You hit the orc but do no damage. The orc barely misses you.
You hit the orc.
The orc is moderately wounded.
The orc hits you with a +0 falchion.
You die...

#. <... #.......# ##.# ...
#.##.##.# ... #.# # #..##.# #
#. #.# ####.# #.#.###.#
#.##.##.###....#####.#.###.#
........†.........##.......#
..##.##.#.......#.####.######
..#............>#.###.......#
......>....8#8.o@......###..#
.........!#####...###.## #
............#.....# #.#
.##...#.#...#...#.# #.#
.#[..)#8#.._#_..#8# #..
.#.##†############# #..
##.##.# .._ _.. #### ......#
..#.. ##o#### ..


You could see an orc.

Vanquished Creatures
  An adder (D:3)
  An orc (D:3)
  3 bats
  4 endoplasms
  4 giant cockroaches (D:1)
  4 goblins
  A hobgoblin (D:2)
  5 jackals (D:1)
  2 quokkas
  5 ball pythons
  5 frilled lizards
  5 kobolds
  6 rats
46 creatures vanquished.

Notes
Turn   | Place    | Note
-------+----------+-------------------------------------------
     0 | D:1      | calla the Mummy Wanderer began the quest for the Orb.
     0 | D:1      | calla set off with the following items: a +3 dagger, 3
                  | curare-tipped darts, a scroll of teleportation, a scroll of
                  | silence, a +0 robe
     0 | D:1      | Reached XP level 1. HP: 15/15 MP: 1/1
    23 | D:1      | Found a faded altar of an unknown god.
   393 | D:1      | Reached XP level 2. HP: 21/21 MP: 2/2
  1144 | D:2      | Gained mutation: You are in touch with the powers of death.
                  | [Mummy growth]
  1144 | D:2      | Reached XP level 3. HP: 27/27 MP: 3/3
  1192 | D:2      | Found a shimmering blue altar of Sif Muna.
  1761 | D:3      | Found a shadowy altar of Dithmenos.
  1762 | D:3      | Found a sparkling altar of Nemelex Xobeh.
  1762 | D:3      | Found a bloodstained altar of Trog.
  1776 | D:3      | Found a hide-covered altar of Uskayaw.
  1898 | D:3      | Slain by an orc

Illustrated notes

Levels and vault maps discovered:
D:1:      tarquinn_simple_flora_water_a, layout_rooms,
          ebering_ecumenical_altar_rust, chequers_arboretum
D:2:      layout_basic, basic_altar
D:3:      layout_loops_cross, nicolae_overflow_quartered_altars

Skill      XL: |  1  2  3 |
---------------+----------+-----
Fighting       | 2 3 |  3.1
Throwing       | 3 |  3.0
Armour         | |  1.0
Unarmed Combat | |  3.2
Evocations     | |  1.0

Action                   || total
-------------------------++-------
Melee: Dagger            ||   129
       Punch             ||     2
  Use: Scroll            ||     2
 Stab: Sleeping          ||     1
Armor: Robe              ||    17
Dodge: Dodged            ||    64
Block: Other             ||    14

Table legend: (Time is in decaauts)
 A = Elapsed time spent in this place.
 B = Non-inter-level travel time spent in this place.
 C = Inter-level travel time spent in this place.
 D = Time resting spent in this place.
 E = Time spent auto-exploring this place.
 F = Levels seen in this place.
 G = Mean time per level.
                   A        B        C        D        E       F      G
               +--------+--------+--------+--------+--------+-----+--------+
         Total |   1897 |   1815 |     82 |    646 |    764 |   3 |  632.3 |
       Dungeon |   1897 |   1815 |     82 |    646 |    764 |   3 |  632.3 |
               +--------+--------+--------+--------+--------+-----+--------+

Top non-repeatable levels by time:
     D:1: 1035 daAuts
     D:2: 678 daAuts
     D:3: 183 daAuts
